Map: Galactic Process LE

Players

viOLet

  • Race: Zerg Zerg

Major (SpeCial) - Winner!

  • Race: Terran Terran

Event: 2016 WCS Summer Circuit Championship (DH Montreal)

VOD

Have the link to the VOD?

Description

Time

  • Played on: Aug. 13, 2016, 11:41 a.m.
  • Length: 11:31

All games in this series

Show
View Real Time Build Order
Export as new Build Order

viOLet Zerg 

Build Orders: Hatch First 

Get SALT Encoding   

  12  0:01  Drone  
  13  0:12  Overlord  
  13  0:17  Drone  
  14  0:31  Drone x2  
  16  0:38  Drone  
  17  0:52  Hatchery  
  17  0:56  Drone  
  17  1:00  Drone  
  18  1:10  Extractor  
  17  1:15  Spawning Pool  
  16  1:19  Drone  
  16  1:22  Drone  
  18  1:28  Drone  
  19  1:40  Overlord  
  19  2:01  Queen  
  19  2:03  Zergling x4  
  19  2:04  Queen  
  19  2:05  Zergling x2  
  26  2:14  Metabolic Boost  
  26  2:18  Drone  
  26  2:19  Drone  
  28  2:25  Drone  
  29  2:31  Drone  
  29  2:37  Queen  
  29  2:42  Queen  
  33  2:47  Overlord  
  33  2:51  Overlord  
  33  2:54  Drone  
  34  2:59  Drone  
  35  3:06  Drone x2  
  35  3:07  Drone  
  35  3:11  Drone x2  
  35  3:12  Drone  
  41  3:17  Drone x2  
  43  3:24  Drone x2  
  43  3:25  Drone x2  
  47  3:37  Hatchery  
  46  3:44  Drone x3  
  46  3:47  Overlord  
  50  3:55  Drone  
  50  3:56  Drone  
  48  4:05  Zergling x6  
  48  4:06  Drone  
  50  4:12  Drone  
  51  4:17  Drone x3  
  51  4:20  Evolution Chamber  
  51  4:21  Evolution Chamber  
  51  4:26  Drone x2  
  51  4:27  Drone  
  51  4:28  Drone  
  51  4:31  Lair  
  55  4:39  Drone x2, Roach Warren  
  55  4:42  Overlord  
  55  4:50  Extractor  
  55  4:51  Zerg Ground Armor Level 1, Drone x2  
  55  4:52  Extractor, Drone x2  
  57  4:54  Spore Crawler  
  57  4:57  Spore Crawler  
  52  5:07  Drone  
  52  5:08  Drone x4  
  54  5:14  Spore Crawler  
  51  5:23  Drone x6  
  57  5:29  Glial Reconstitution  
  57  5:35  Overseer  
  57  5:39  Drone x6  
  57  5:42  Overlord  
  63  5:48  Overlord x2  
  63  5:53  Roach  
  63  5:56  Roach x2  
  69  5:57  Zergling x2  
  69  6:01  Roach x2  
  69  6:03  Roach  
  76  6:09  Roach, Zergling x6  
  81  6:15  Zergling x2  
  81  6:16  Ravager  
  83  6:18  Zergling x4  
  83  6:23  Zergling x8  
  86  6:34  Overlord x3  
  86  6:35  Ravager  
  86  6:36  Zergling x12  
  93  6:46  Zergling x2  
  88  6:48  Zergling x4  
  87  7:00  Roach x5  
  92  7:07  Roach x4  
  98  7:14  Ravager  
  99  7:18  Zergling x6  
  102  7:25  Drone  
  103  7:32  Drone  
  103  7:33  Drone x4  
  103  7:36  Drone x4  
  110  7:38  Hatchery  
  107  7:45  Overlord x2  
  107  7:50  Drone x3  
  95  8:03  Roach x2  
  82  8:06  Roach x4  
  82  8:07  Roach x4  
  82  8:09  Queen x2  
  82  8:11  Extractor x2  
  88  8:16  Drone x4, Queen  
  88  8:17  Drone  
  95  8:21  Roach  
  97  8:29  Zergling x10  
  97  8:30  Zerg Ground Armor Level 2  
  102  8:46  Extractor  
  102  8:47  Zerg Melee Weapons Level 1  
  101  8:50  Zergling x2  
  101  8:51  Zergling x16  
  108  8:57  Roach x3  
  108  8:58  Roach  
  116  9:05  Zergling x2  
  116  9:06  Zergling x6  
  118  9:11  Roach  
  118  9:12  Queen  
  118  9:14  Roach  
  118  9:16  Roach x2  
  120  9:17  Roach x2  
  120  9:18  Roach  
  120  9:21  Infestation Pit  
  123  9:24  Spore Crawler  
  123  9:25  Ravager x2  
  124  9:32  Zergling x6  
  124  9:33  Overlord x6  
  119  9:49  Zergling x18  
  122  9:55  Zergling x4  
  118  10:01  Zergling x8  
  118  10:03  Ravager x6  
  118  10:04  Overseer  
  118  10:05  Zergling x6  
  131  10:10  Hive  
  131  10:21  Roach x2, Zergling x4  
  128  10:27  Roach x3, Zergling x4  
  118  10:32  Roach x2, Zergling x4  
  118  10:33  Roach x2, Zergling x2  
  124  10:38  Roach, Zergling x2  
  124  10:42  Zergling x2  
  121  10:58  Zergling x20  
  121  11:00  Ravager  
  121  11:03  Roach x2, Zergling x2  
  136  11:17  Hatchery  
Show
View Real Time Build Order
Export as new Build Order

Major Terran - Winner!

Build Orders: Reaper Expand, Bio Tank, Banshee Rush 

Get SALT Encoding   

  12  0:00  SCV  
  13  0:12  SCV  
  14  0:17  Supply Depot  
  14  0:25  SCV  
  15  0:30  Refinery  
  15  0:38  SCV  
  16  0:45  Barracks  
  16  0:50  SCV  
  17  1:03  SCV  
  18  1:15  SCV  
  19  1:32  Reaper, Orbital Command  
  20  1:44  Command Center  
  20  1:55  Factory  
  20  1:58  SCV  
  21  2:08  Supply Depot, Barracks Reactor  
  21  2:12  SCV  
  22  2:24  SCV  
  22  2:27  Refinery  
  23  2:37  SCV  
  24  2:48  Starport  
  24  2:49  SCV  
  24  2:51  Hellion x2  
  29  2:54  Barracks Tech Lab  
  29  2:59  Orbital Command  
  29  3:01  SCV  
  30  3:12  Hellion x2  
  34  3:13  SCV  
  35  3:25  SCV x2  
  35  3:26  Supply Depot  
  37  3:35  Cloaking Field  
  37  3:36  Banshee  
  37  3:37  SCV  
  37  3:39  Marine x2  
  43  3:42  SCV  
  43  3:45  Factory Tech Lab  
  44  3:49  SCV  
  44  3:51  Supply Depot  
  45  3:57  Marine x2  
  45  3:58  SCV  
  45  4:01  SCV  
  48  4:07  Siege Tank  
  47  4:14  SCV x2  
  47  4:15  Marine x2  
  47  4:18  Supply Depot  
  47  4:20  Banshee  
  50  4:26  SCV x2  
  52  4:35  Marine  
  52  4:37  Marine  
  54  4:38  Command Center  
  54  4:40  SCV x2  
  55  4:46  Siege Tank  
  55  4:51  Supply Depot  
  55  4:52  SCV x2  
  60  4:55  Marine x2  
  62  5:02  Supply Depot  
  62  5:04  SCV x2  
  64  5:16  SCV x2  
  66  5:26  Refinery x2  
  66  5:28  Engineering Bay, SCV x2  
  66  5:29  Engineering Bay, Medivac x2  
  66  5:30  Marine  
  73  5:40  SCV x2  
  73  5:42  Barracks x2  
  75  5:48  Marine  
  76  5:50  Factory Reactor  
  76  5:52  SCV, Orbital Command  
  76  5:53  SCV  
  78  5:57  Terran Infantry Weapons Level 1  
  78  5:59  Supply Depot  
  78  6:00  Stimpack  
  78  6:05  SCV x2  
  78  6:06  Marine  
  81  6:13  Starport Reactor  
  81  6:17  Barracks x2, SCV x2  
  83  6:24  Marine  
  84  6:26  Terran Infantry Armor Level 1, SCV  
  84  6:29  SCV x2  
  88  6:38  SCV  
  88  6:42  Marine x2  
  88  6:43  Marine x3, Siege Tank  
  86  6:56  Medivac x2  
  86  6:59  SCV x2  
  86  7:00  Marine x3  
  86  7:01  Marine x2  
  97  7:04  SCV  
  95  7:11  SCV x2  
  95  7:12  Barracks Reactor  
  95  7:13  Barracks Reactor  
  96  7:15  Barracks, Armory  
  96  7:16  Barracks, Siege Tank, SCV  
  96  7:17  Refinery  
  96  7:18  Marine x4  
  96  7:19  Marauder  
  106  7:23  SCV  
  107  7:34  SCV x2  
  109  7:43  Supply Depot  
  109  7:44  Supply Depot  
  109  7:47  Supply Depot  
  103  8:00  Marine x3  
  103  8:01  Combat Shields, Marine  
  103  8:02  Marine  
  103  8:04  Marine x3  
  103  8:05  Marauder, Medivac x2, Marine  
  110  8:07  Siege Tank  
  110  8:09  Supply Depot  
  110  8:11  Supply Depot  
  109  8:15  Barracks Tech Lab  
  109  8:17  Marine  
  109  8:18  Marine x2  
  109  8:19  Marine  
  111  8:20  Marine  
  111  8:22  Marine x2  
  111  8:23  Marine  
  111  8:25  Supply Depot  
  117  8:30  Marine  
  117  8:34  Command Center, Marine  
  118  8:35  Medivac x2, Marine  
  118  8:36  Supply Depot, Marine x2  
  118  8:37  Marine  
  118  8:38  Concussive Shells, Marine  
  118  8:39  Barracks Tech Lab, Siege Tank  
  118  8:40  Marine x3  
  133  8:44  Supply Depot x2  
  133  8:49  Marauder  
  133  8:52  Marine  
  133  8:53  Marine  
  133  8:54  Marine x2  
  133  8:55  Marine  
  140  8:56  Marine  
  140  8:58  Marine x3  
  144  9:03  Missile Turret  
  144  9:06  Terran Infantry Weapons Level 2, Terran Infantry Armor Level 2  
  143  9:10  Marauder x2  
  143  9:11  Marine x2, Marauder  
  143  9:12  Marine  
  143  9:13  Marine  
  148  9:17  Marine x2  
  148  9:19  Marine x2  
  148  9:24  SCV x3  
  154  9:29  Medivac, Marine x3  
  161  9:31  Marauder  
  161  9:32  Marauder  
  161  9:33  Medivac, Marauder  
  161  9:35  Marine x3  
  161  9:36  SCV  
  171  9:40  Marine x2  
  171  9:44  Liberator  
  171  9:45  Siege Tank  
  166  9:46  Liberator  
  166  9:48  Marine x2  
  166  9:49  Marine  
  162  9:53  Marine x2, Marauder  
  162  9:55  Marine x3  
  162  9:59  Marine x2  
  168  10:05  Marine  
  168  10:06  Marine  
  176  10:07  Planetary Fortress, Marine, SCV x2  
  176  10:11  Marauder  
  176  10:13  Marine  
  176  10:14  Marauder  
  184  10:15  Marine x2  
  184  10:16  Marine  
  184  10:17  Marine  
  184  10:19  Marine  
  187  10:23  Marine x2  
  187  10:26  Marine  
  170  10:31  Marine  
  170  10:34  Siege Tank  
  163  10:36  Marine x4, Marauder  
  163  10:37  Marine x2  
  163  10:41  Marine x2  
  169  10:43  Marine  
  169  10:46  Supply Depot  
  169  10:54  Marine x2, Marauder  
  177  10:58  Marine x3, Marauder  
  177  10:59  Marine  
  177  11:00  Marine  
  184  11:09  Marine  
  184  11:10  Marauder  
  187  11:12  Marine  
Tags
 
Add a new tag
Caveats
  • Supply blocks, unpowered buildings, or Contaminate may cause inaccurate times.
  • Supply counts are checked every 10 seconds.